 Dungeon Crawl Stone Soup version 0.21-a0-472-g223bcb9 (webtiles) character file.

23 slep the Skirmisher (level 2, 0/24 HPs)
             Began as a Demonspawn Monk on Nov 22, 2017.
             Slain by a jackal (1 damage)
             ... on level 2 of the Dungeon.
             The game lasted 00:03:02 (657 turns).

slep the Skirmisher (Demonspawn Monk)                Turns: 657, Time: 00:03:02

Health: 0/24       AC:  2    Str: 11    XL:     2   Next: 75%
Magic:  0/2        EV: 13    Int: 11    God:
Gold:   42         SH:  0    Dex: 15    Spells: 1/1 levels left

rFire    . . .     SeeInvis .   a - +0 falchion
rCold    . . .     Gourm    .   (no shield)
rNeg     . . .     Faith    .   b - +0 robe
rPois    .         Spirit   +   (no helmet)
rElec    .         Reflect  .   (no cloak)
rCorr    .         Harm     .   (no gloves)
MR       .....                  (no boots)
Stlth    ++........             e - amulet of guardian spirit
HPRegen  0.08/turn              m - ring of flight
MPRegen  0.08/turn              (no ring)

@: very slightly contaminated, invisible
A: claws 1
a: Evoke Flight


You were on level 2 of the Dungeon.
You were not hungry.

You visited 1 branch of the dungeon, and saw 2 of its levels.

You collected 42 gold pieces.

Inventory:

Hand Weapons
 a - a +0 falchion (weapon)
Missiles
 n - 3 javelins of penetration (quivered)
Armour
 b - a +0 robe (worn)
Jewellery
 e - an amulet of guardian spirit (around neck)
 m - a ring of flight (left claw)
Scrolls
 j - a scroll of identify {unknown}
 k - 3 scrolls of remove curse {unknown}
Potions
 d - a potion of invisibility
 g - a potion of haste {unknown}
 l - a potion of curing {unknown}
Comestibles
 c - 2 bread rations
 f - a royal jelly
 h - a meat ration
 i - 4 fruits
 o - 3 chunks of flesh


   Skills:
 + Level 3.3 Fighting
 + Level 3.1 Long Blades
 + Level 2.9 Dodging
 + Level 1.8 Stealth


You had one spell level left.
You didn't know any spells.

Dungeon Overview and Level Annotations

Branches:
Dungeon (2/15)

Altars:
Cheibriados
Ru


Innate Abilities, Weirdness & Mutations

You have sharp fingernails.


Message History

The jackal bites you but does no damage.
You hit the jackal but do no damage. The jackal barely misses you.
You riposte.
You barely miss the jackal. You barely miss the jackal.
The jackal barely misses you.
You riposte.
You hit the jackal.
The jackal is severely wounded.
The jackal misses you.
You riposte.
You barely miss the jackal.
The jackal is severely wounded.
You miss the jackal.
The jackal is severely wounded.
The jackal bites you.
* * * LOW HITPOINT WARNING * * *
The jackal misses you.
It was a potion of invisibility.
You fade into invisibility!
The jackal closely misses you.
You are very lightly contaminated with residual magic.
There is a stone staircase leading up here.
The jackal barely misses you. The jackal bites you.
You die...

#.######..# #.#
#.##.#....#
#######.#
#...†)†.#
#.......#######.
####..###
#.#####.........
#..#
###.#####.#######.
#.... .. ...##.#
##.#.# #.##.##.#
#..#.# #.......#
..###.# ####@####
##. ## ####h###
#....h.####
#.##.#..h.## #
#.h..##..#
##########.#
...........#
.#...#..†#.#
...........#


You could see 3 jackals.

Vanquished Creatures
  A worm (D:2)
  3 leopard geckos
  2 goblins
  A hobgoblin (D:2)
  2 kobolds
  4 bats
  2 frilled lizards
  5 rats (D:2)
20 creatures vanquished.

Notes
Turn   | Place    | Note
-------+----------+-------------------------------------------
     0 | D:1      | slep the Demonspawn Monk began the quest for the Orb.
     0 | D:1      | Reached XP level 1. HP: 18/18 MP: 1/1
   211 | D:1      | Gained mutation: You have sharp fingernails. [demonic ancestry]
   211 | D:1      | Reached XP level 2. HP: 23/24 MP: 2/2
   332 | D:1      | You fall through a shaft!
   342 | D:2      | Found a sacrificial altar of Ru.
   371 | D:2      | Found a snail-covered altar of Cheibriados.
   640 | D:2      | HP: 1/24 [jackal (2)]
   651 | D:2      | HP: 1/24 [jackal (1)]
   657 | D:2      | Slain by a jackal

Vault maps used:
D:1:      lightli_iron_boxes
D:2:      cheibriados_altar_1, overflow_temple_1_default,
          eat_drink_and_be_merry_uskayaw, lemuel_coloured_pillars_altar,
          nicolae_ru_sacrificial_ziggurat

Skill      XL: |  1  2 |
---------------+-------+-----
Long Blades    | 3 |  3.1
Fighting       | |  3.3
Dodging        | |  2.9
Stealth        | |  1.8

Action                   || total
-------------------------++-------
Melee: Falchion          ||    53
  Use: Potion            ||     1
 Stab: Sleeping          ||     2
Armor: Robe              ||    13
Dodge: Dodged            ||    37
       Rpst.: Falchion   ||    12

Table legend:
 A = Spawn XP
 B = Non-spawn XP
 C = Spawn XP percentage of total XP
 D = Spawn monster count
 E = Non-spawn monster count
 F = Spawn count percentage of total count
 G = Total turns spent on level
                    A         B        C        D         E        F      G
               +---------+---------+-------+---------+---------+-------+---------
         Total |       0 |      34 |   0.0 |       0 |      20 |   0.0 |   657
               +---------+---------+-------+---------+---------+-------+---------
           D:1 |       0 |      14 |   0.0 |       0 |       8 |   0.0 |   332
           D:2 |       0 |      20 |   0.0 |       0 |      12 |   0.0 |   325
               +---------+---------+-------+---------+---------+-------+---------
